 Dungeon Crawl Stone Soup version 0.25-a0-785-gb22c70e859 (webtiles) character file.

Game seed: 11034945773944348453, levelgen mode: deterministic

187 Joeren the Changer (level 5, -6/44 HPs)
             Began as a Naga Transmuter on Apr 17, 2020.
             Mangled by an orc priest
             ... wielding a +0 flail
              (8 damage)
             ... on level 4 of the Dungeon.
             The game lasted 00:17:08 (3828 turns).

Joeren the Changer (Naga Transmuter)                Turns: 3828, Time: 00:17:09

Health: -6/44      AC:  2    Str: 13    XL:     5   Next: 66%
Magic:  16/18      EV: 19    Int: 14    God:
Gold:   132        SH:  2    Dex: 16    Spells: 4/10 levels left

rFire    . . .     SeeInvis +     - Unarmed
rCold    . . .     Gourm    .   (shield currently unavailable)
rNeg     . . .     Faith    .   (armour currently unavailable)
rPois    x         Spirit   .   (helmet currently unavailable)
rElec    .         Reflect  +   (cloak currently unavailable)
rCorr    .         Harm     .   (gloves currently unavailable)
MR       .....                  (no barding)
Stlth    +.........             u - +2 amulet of reflection
HPRegen  0.14/turn              n - ring of magical power
MPRegen  0.16/turn              (no ring)

@: spider-form (expiring)
A: tiny, see invisible, slow metabolism 1, spit poison 1, AC +1
a: Spit Poison, End Transformation


You were on level 4 of the Dungeon.
You were hungry.
You were a venomous arachnid creature.
You visited 1 branch of the dungeon, and saw 4 of its levels.

You collected 132 gold pieces.

Inventory:

Missiles
 a - 36 arrows
 e - 22 stones
 i - 4 boomerangs (quivered)
 r - 17 poisoned darts
Armour
 b - a +0 robe (melded)
 g - a +0 pair of gloves (melded)
Jewellery
 l - an uncursed ring of teleportation
 n - a ring of magical power (left front leg)
 u - a +2 amulet of reflection (around neck)
Wands
 p - a wand of digging (2)
Scrolls
 h - a scroll of fear
 k - a scroll of identify
 q - a scroll of remove curse
 t - a scroll of amnesia {unknown}
Potions
 c - a potion of might
 f - 3 potions of lignification
 j - a potion of degeneration {unknown}
 m - 2 potions of curing
 o - 2 potions of stabbing
 s - a potion of heal wounds {unknown}
Comestibles
 d - 5 rations


   Skills:
 - Level 1.0 Fighting
 - Level 2.0 Dodging
 - Level 3.0 Unarmed Combat
 + Level 3.2 Spellcasting
 * Level 4.6 Transmutations


You had 4 spell levels left.
You knew the following spells:

 Your Spells              Type           Power        Failure   Level  Hunger
a - Beastly Appendage     Tmut           ###...       11%         1    #......
b - Sticks to Snakes      Tmut           ###.....     14%         2    ##.....
c - Spider Form           Tmut/Pois      #.........   45%         3    ###....

Your spell library contained the following spells:

 Spells                   Type           Power        Failure   Level  Hunger
 Ice Form                 Ice/Tmut       #.......     82%         4    #####..
 Blade Hands              Tmut           ###.......   82%         5    ######.


Dungeon Overview and Level Annotations

Branches:
Dungeon (4/15)
 Temple: D:4-7

Altars:
Hepliaklqana


Innate Abilities, Weirdness & Mutations

You cannot wear boots.
((Your serpentine skin is tough. (AC +1)))
You have supernaturally acute eyesight. (SInv)
((Armour fits poorly on your strangely shaped body.))
((Your system is resistant to poisons. (rPois)))
((You cover ground very slowly.))
You have a slow metabolism.
You can spit poison.


Message History

You hit the orc.
The orc is severely wounded.
Your transformation is almost over.
The orc misses you.
The orc priest invokes the aid of Beogh against you.
Pain shoots through your body! The orc closely misses you.
The orc barely misses you.
The orc priest hits you with a +0 flail!
There is an open door here.
You hit the orc.
You kill the orc!
The orc closely misses you.
The orc priest invokes the aid of Beogh against you.
Pain shoots through your body!
* * * LOW HITPOINT WARNING * * *
You bite the orc!
You kill the orc!
The orc completely misses you.
The orc priest hits you with a +0 flail!
You die... .#..# ....# ##..$ #.#..# ....## #....#...#.## ... ..... +........... #.# ... #.........# #.##.# #.......# #.#<.##.# #..o..# #.#.###.# #oWo#

#.#.# #.# #s# #.#.###.#
#.# ........## ### #.#
###..........###.## #
#..##.####.##...## #
#..##<## #.#.....# #
#......# #.##...##
####.##..###.###.########
......[..................


You could see a phantom, an orc priest and 2 orcs.

Vanquished Creatures
  A worker ant (D:3)
  3 adders
  A worm (D:3)
  3 dart slugs (D:2)
  4 leopard geckos
  3 orcs
  9 bats
  5 giant cockroaches
  7 goblins
  11 hobgoblins
  A quokka (D:2)
  A ball python (D:2)
  11 frilled lizards
  6 kobolds
  9 rats
75 creatures vanquished.

Vanquished Creatures (collateral kills)
  An ogre (D:2)
  A quokka (D:3)
2 creatures vanquished.

Grand Total: 77 creatures vanquished

Notes
Turn   | Place    | Note
-------+----------+-------------------------------------------
     0 | D:1      | Joeren the Naga Transmuter began the quest for the Orb.
     0 | D:1      | Reached XP level 1. HP: 18/18 MP: 3/3
    91 | D:1      | Reached XP level 2. HP: 10/25 MP: 3/5
   708 | D:1      | Reached XP level 3. HP: 24/31 MP: 4/6
  1074 | D:1      | Reached skill level 3 in Transmutations
  1084 | D:1      | Learned a level 2 spell: Sticks to Snakes
  1088 | D:1      | Learned a level 3 spell: Spider Form
  1856 | D:2      | Reached XP level 4. HP: 36/38 MP: 7/7
  3165 | D:3      | Reached skill level 4 in Transmutations
  3170 | D:3      | Found a hazy altar of Hepliaklqana.
  3210 | D:3      | Noticed an ogre
  3263 | D:2      | Killed an ogre
  3263 | D:2      | Reached XP level 5. HP: 13/44 MP: 4/9
  3821 | D:4      | Noticed a phantom
  3827 | D:4      | HP: 2/44 [orc priest/nerve-wracking pain (13)]
  3828 | D:4      | Mangled by an orc priest

Levels and vault maps discovered:
D:1:      eino_arrival_water_star, layout_basic
D:2:      layout_basic
D:3:      layout_basic, marbit_many_paths, first_ration
D:4:      layout_loops_corners, cheibriados_altar_1, grunt_gozag_statues,
          minmay_temple_entry_crystal_x, uniq_natasha, uniq_duvessa, uniq_ijyb

Skill      XL: |  1  2  3  4 |
---------------+-------------+-----
Dodging        | 2 |  2.0
Transmutations | 3 4 |  4.6
Spellcasting   | 3 |  3.2
Fighting       | |  1.0
Unarmed Combat | |  3.0

Action                   |  1- 3 |  4- 6 || total
-------------------------+-------+-------++-------
Melee: Unarmed           |   132 |   120 ||   252
       Headbutt          |    14 |    13 ||    27
Throw: Stone             |     8 |     8 ||    16
       Boomerang         |       |     3 ||     3
 Cast: Beastly Appendage |    31 |    19 ||    50
       Sticks to Snakes  |       |     2 ||     2
       Spider Form       |       |     2 ||     2
  Use: Scroll            |       |     5 ||     5
       Potion            |       |     3 ||     3
  Eat: Chunk             |     2 |     6 ||     8
Armor: Robe              |    38 |    27 ||    65
       Skin              |       |     1 ||     1
Dodge: Dodged            |    74 |    72 ||   146

Table legend:
 A = Non-vault XP
 B = Vault XP
 C = Vault XP percentage of total XP
 D = Non-vault monster count
 E = Vault monster count
 F = Vault count percentage of total count
                 A         B        C        D         E       F
            +---------+---------+-------+---------+---------+-------
      Total |     266 |       2 |   0.7 |      76 |       1 |   1.3
            +---------+---------+-------+---------+---------+-------
        D:1 |      50 |       0 |   0.0 |      32 |       0 |   0.0
        D:2 |     138 |       0 |   0.0 |      27 |       0 |   0.0
        D:3 |      72 |       2 |   2.7 |      15 |       1 |   6.2
        D:4 |       6 |       0 |   0.0 |       2 |       0 |   0.0
            +---------+---------+-------+---------+---------+-------
